 Dungeon Crawl Stone Soup version 0.19-a0-1007-g133f65f (webtiles) character file.

239266 HAL9000 the Black Belt (level 19, -2/145 HPs)
             Began as a Mottled Draconian Transmuter on July 18, 2016.
             Was the Champion of Cheibriados.
             Killed from afar by a raiju (16 damage)
             ... with a living lightning
             ... on level 2 of the Abyss on July 19, 2016.
             The game lasted 02:42:38 (39923 turns).

HAL9000 the Black Belt (DrTm)                      Turns: 39923, Time: 02:42:41

Health: -2/145     AC: 18    Str: 31      XL:     19   Next: 1%
Magic:  26/31      EV: 24    Int: 27 (29) God:    Cheibriados [******]
Gold:   1987       SH:  0    Dex: 27      Spells: 5 memorised, 16 levels left

rFire  . . .     SeeInvis .       - Unarmed
rCold  . . .     Gourm    .     (armour unavailable)
rNeg   . . .     Faith    .     (shield currently unavailable)
rPois  .         Spirit   .     J - +2 hat
rElec  .         Dismiss  .     Y - +0 cloak
rCorr  .         Reflect  .     (gloves currently unavailable)
SustAt .         Harm     .     W - +0 pair of boots
MR     +....     Rnd*Rage +     w - amulet of regeneration
Stlth  +++.......               L - ring of flight
                                u - +4 ring of protection

@: blade hands, very slow, somewhat resistant to hostile enchantments, fairly
stealthy
A: breathe sticky flame splash, unfitting armour, berserk 2, clumsy 2, frail 1,
cold-blooded, AC +10
a: Breathe Sticky Flame, End Transformation, Bend Time, Temporal Distortion,
Slouch, Step From Time, Renounce Religion, Evoke Flight
}: 1/15 runes: gossamer


You were on level 2 of the Abyss.
You worshipped Cheibriados.
Cheibriados was exalted by your worship.
You were near starving.
You had blades for hands.
You visited 7 branches of the dungeon, and saw 33 of its levels.
You visited the Abyss 2 times.
You also visited: Sewer and Ice Cave.

You collected 2703 gold pieces.
You spent 716 gold pieces at shops.

Inventory:

Missiles
 a - 616 arrows
 V - 13 javelins (quivered)
Armour
 t - a +0 shield
 J - a +2 hat (worn)
 P - a +2 pair of gloves (melded)
 W - a +0 pair of boots (worn)
 Y - a +0 cloak (worn)
Jewellery
 o - a +4 ring of intelligence
 u - a +4 ring of protection (left scythe-like blade)
 w - an amulet of regeneration (around neck)
 y - a +4 ring of strength
 I - an uncursed amulet of magic regeneration
 L - a ring of flight (right scythe-like blade)
 Q - an uncursed ring of see invisible
Wands
 q - a wand of iceblast (10/15)
 D - a wand of lightning (7/15)
 F - a wand of iceblast (8/15)
 G - a wand of acid (11/15)
 H - a wand of disintegration (10/24)
 O - a wand of lightning (6/15)
Scrolls
 f - a scroll of blinking
 g - 7 scrolls of magic mapping
 i - 8 scrolls of identify
 l - a scroll of amnesia
 m - 3 scrolls of summoning
 p - a scroll of recharging
 K - 5 scrolls of teleportation
 M - a scroll of fog
 N - 8 scrolls of remove curse
 S - a scroll of enchant armour
 T - a scroll of acquirement
 U - 5 scrolls of fear
Potions
 b - a potion of ambrosia
 d - 6 potions of agility
 k - 3 potions of cancellation
 r - a potion of might
 s - 9 potions of brilliance
 v - 5 potions of invisibility
 x - 2 potions of resistance
 z - 3 potions of flight
 A - a potion of cure mutation
 B - 17 potions of curing
 C - 2 potions of heal wounds
 X - 3 potions of magic
Miscellaneous
 e - a disc of storms
 h - a phial of floods
Comestibles
 c - 6 bread rations
 j - a slice of pizza
 n - 8 fruits
 E - 6 beef jerkies
 R - 14 meat rations
 Z - 13 royal jellies


   Skills:
 - Level 12.8 Fighting
 - Level 6.0 Throwing
 - Level 11.2 Dodging
 - Level 3.0 Stealth
 - Level 3.3 Shields
 - Level 17.5 Unarmed Combat
 + Level 8.9 Spellcasting
 * Level 9.3 Necromancy
 - Level 15.0 Transmutations
 - Level 12.0 Invocations
 - Level 10.9 Evocations


You had 16 spell levels left.
You knew the following spells:

 Your Spells              Type           Power        Failure   Level  Hunger
a - Beastly Appendage     Tmut           ######       3%          1    None
b - Sticks to Snakes      Tmut           #######.     3%          2    None
c - Spider Form           Tmut/Pois      ######....   14%         3    None
d - Blade Hands           Tmut           #######...   12%         5    ####...
e - Necromutation         Tmut/Necr      ######....   100%        8    #######


Dungeon Overview and Level Annotations

Branches:
Dungeon (15/15)            Temple (1/1) D:4            Lair (6/6) D:9
 Shoals (3/4) Lair:4       Spider (4/4) Lair:2        Slime (0/5) Lair:6
    Orc (2/2) D:12            Elf (0/3) Orc:2        Vaults (2/5) D:13
 Depths (0/5) D:15
  Crypt: Vaults:2-3

Altars:
Ashenzari
Cheibriados
Dithmenos
Elyvilon
Fedhas
Gozag
Hepliaklqana
Makhleb
Nemelex Xobeh
Okawaru
Pakellas
Qazlal
Ru
Sif Muna
Trog
Vehumet
Xom
Yredelemnul
Zin
The Shining One
Beogh

Shops:
D:7 %   D:13 %}!}   D:14 (   Orc:2 [?!*   Vaults:2 (

Portals:
Hell: Lair:6


Innate Abilities, Weirdness & Mutations

You can spit globs of burning liquid.
You can ignite nearby creatures when you spit burning liquid.
Your weird mottled scales are hard. (AC +10)
Your body does not fit into most forms of armour.
You are cold-blooded and may be slowed by cold attacks.
[You often lose your temper in combat.]
[You are very clumsy. (Dex -4)]
[You are frail. (-10% HP)]


Message History

You kill the raiju!
Cheibriados thoroughly appreciates the change of pace.
The raiju bursts into living lightning!
The living lightning misses you.
The raiju blinks!
The raiju bursts into living lightning!
The living lightning hits you!
* * * LOW HITPOINT WARNING * * *
The living lightning misses you.
The raiju blinks!
The raiju misses you. The raiju bites you.
* * * LOW HITPOINT WARNING * * *
The raiju shocks you!
* * * LOW HITPOINT WARNING * * *
Unknown command.
You barely miss the raiju. You slash the raiju!!
The raiju is heavily wounded.
The raiju bursts into living lightning!
The living lightning hits you!
* * * LOW HITPOINT WARNING * * *
The living lightning hits you!
You die...

#....## # ## #. .
#.# ###. .. .# #
. ## # . .# ..
###.# # ..###.##
. .##..#.♣ . .
#@#### #≈≈. ..
##h.#≈.#≈.≈
##....##≈ ≈
#.....#..≈≈# ≈ ≈≈
..#...###≈≈.≈♣≈≈≈
#..> .≈≈≈≈≈#≈≈
#... ≈≈≈≈≈≈ ....
≈≈≈≈≈ ..... ≈≈≈≈≈


You could see a raiju.

Vanquished Creatures
  Saint Roka (Orc:2)
  Arachne (Spider:3)
  A kraken (Shoals:2)
  Gastronok (Lair:1)
  Kirke (Lair:5)
  Louise (Spider:1)
  A frost giant (D:10)
  4 emperor scorpions (Spider:4)
  An orc warlord (Orc:1)
  4 ghost moths
  3 vault wardens (Vaults:1)
  A reaper (IceCv)
  5 ironheart preservers
  2 entropy weavers
  2 large abominations
  A deep elf demonologist (Vaults:2)
  A stone giant (Vaults:1)
  4 spark wasps
  Nessos (Lair:5)
  An ettin (Orc:2)
  A deep elf death mage (Vaults:1)
  An eidolon (Abyss:2)
  A great orb of eyes (Vaults:2)
  A merfolk impaler (Shoals:1)
  A yaktaur captain (Vaults:1)
  5 vault guards (Vaults:1)
  An ice dragon (Vaults:1)
  13 hydras
  3 merfolk aquamancers
  Erolcha (D:11)
  A queen ant (Lair:3)
  7 centaur warriors
  A death yak (Lair:6)
  A tengu warrior (D:15)
  A death knight (D:14)
  2 satyrs
  A deep troll earth mage (D:10)
  5 orc high priests
  3 ogre magi
  Urug (Orc:1)
  3 deep elf knights
  Nergalle (D:11)
  2 wretched stars (Abyss:2)
  The ghost of crawlian the Arsonist, a novice DEFE of Vehumet (D:11)
  A fire crab (Lair:5)
  4 sea snakes
  A storm dragon skeleton (Abyss:2)
  2 unseen horrors
  A giant orange brain (Vaults:1)
  6 deep elf archers
  2 phantasmal warriors (D:14)
  8 hill giants
  5 wizards
  11 orb spiders
  3 ironbrand convokers (Vaults:1)
  11 orc knights
  3 harpies (Shoals:1)
  7 griffons
  16 ugly things
  11 deep elf magi
  A necromancer (Abyss:2)
  3 fauns
  4 hornets
  21 wolf spiders
  A sixfirhy (Lair:6)
  3 moths of wrath
  6 cyclopes
  9 orc sorcerers
  26 elephants
  4 manticores
  3 sirens
  5 vault sentinels (Vaults:1)
  A fire giant skeleton (Abyss:2)
  2 ice statues (IceCv)
  2 torpor snails
  6 black mambas
  3 water nymphs (Shoals:1)
  3 smoke demons
  An orange demon (Abyss:2)
  A gargoyle (D:14)
  12 spiny frogs
  4 rime drakes
  A yaktaur (shapeshifter) (D:12)
  An anaconda simulacrum (Abyss:2)
  3 kobold demonologists
  5 freezing wraiths
  A hellwing (Lair:6)
  3 komodo dragons
  15 yaktaurs
  A harpy zombie (D:15)
  19 demonic crawlers
  A tengu conjurer (D:15)
  18 ice devils
  2 queen bees
  The ghost of Tungsten the Firebug, a novice DEFE (D:5)
  11 trolls
  12 merfolk
  16 two-headed ogres
  28 jumping spiders
  3 meliai (Spider:3)
  A red devil (Lair:6)
  2 boulder beetles
  3 raiju (Abyss:2)
  A slime creature (shapeshifter) (D:15)
  4 snapping turtles
  37 slime creatures
  27 tarantellas
  66 redbacks
  7 water elementals
  60 yaks
  3 shadows
  4 wraiths
  A vampire (D:13)
  4 basilisks
  2 wyverns
  3 hogs (Lair:5)
  11 hippogriffs
  A hungry ghost (D:12)
  A mottled dragon (Lair:6)
  2 vampire mosquitoes (D:15)
  A steam dragon (Lair:6)
  A warg (Orc:1)
  A hell hound (Lair:6)
  20 soldier ants (Lair:3)
  14 water moccasins
  8 porcupines
  2 swamp drakes (Lair:6)
  5 wasps
  2 ice beasts
  4 black bears
  3 phantoms
  52 orc warriors
  6 sky beasts
  24 ogres
  13 boggarts
  2 small abominations (Abyss:2)
  28 centaurs
  21 wolves
  15 crocodiles
  6 big kobolds
  An ogre simulacrum (Vaults:1)
  A gnoll sergeant (D:9)
  22 giant frogs
  A wyvern zombie (D:13)
  3 wyvern skeletons
  7 scorpions
  48 killer bees
  A water moccasin skeleton (D:9)
  13 wights
  3 howler monkeys
  2 electric eels
  2 centaur zombies
  4 crimson imps
  18 jellies
  4 giant frog skeletons
  3 giant frog zombies
  A quasit (D:11)
  35 orc priests
  3 centaur skeletons
  9 hounds
  22 orc wizards
  An iron imp (Abyss:2)
  Jessica (D:2)
  19 iguanas
  28 worker ants
  20 sheep
  A hound skeleton (D:4)
  A worker ant zombie (D:6)
  10 gnolls
  A howler monkey skeleton (D:11)
  10 adders
  100 river rats
  2 shadow imps
  10 white imps (IceCv)
  3 ufetubi (IceCv)
  2 oozes (Lair:6)
  An adder skeleton (D:5)
  3 worms
  4 dart slugs
  6 giant geckos
  128 orcs
  8 ball pythons
  10 giant cockroaches
  9 goblins
  8 hobgoblins
  4 jackals (D:3)
  12 quokkas
  3 bats
  A giant gecko skeleton (D:6)
  7 giant newts
  24 kobolds
  A quokka skeleton (D:4)
  18 rats
  A spectral orc (D:7)
  A crawling corpse (Vaults:1)
  A fungus (Lair:1)
  4 tentacles (Shoals:2)
1583 creatures vanquished.

Vanquished Creatures (collateral kills)
  A centaur warrior (Vaults:1)
  2 hydras (Lair:6)
  A deep elf mage (D:13)
  2 ironbrand convokers (Vaults:1)
  A wolf spider (Spider:4)
  An orb spider (Spider:4)
  A faun (Shoals:2)
  2 ugly things (Vaults:1)
  An elephant (Lair:4)
  Psyche (D:9)
  A centaur zombie (D:14)
  An orange demon (Lair:6)
  A kobold demonologist (D:14)
  An ice devil (Lair:6)
  A yaktaur (Vaults:1)
  3 jumping spiders
  5 redbacks (Spider:4)
  A yak (Lair:4)
  2 basilisks
  A warg (Orc:2)
  A porcupine (Lair:5)
  An orc warrior (Orc:2)
  3 ogres
  2 centaurs
  A big kobold (D:14)
  An electric eel (Lair:5)
  2 jellies (Lair:6)
  4 orc priests
  An orc wizard (Orc:1)
  An iguana (D:5)
  A sheep (Lair:6)
  An adder (D:2)
  A white imp (IceCv)
  A worm (D:3)
  11 orcs
  4 ball pythons (Sewer)
  2 kobolds
  7 rats
  A fungus (Lair:4)
76 creatures vanquished.

Vanquished Creatures (others)
  A centaur warrior (D:13)
  An orb spider (Spider:4)
  An orange demon (Lair:6)
  3 white imps (IceCv)
  An ufetubus (IceCv)
  4 orcs (D:12)
  8 fungi
  13 plants
  7 tentacles (Shoals:2)
  143 tentacle segments (Shoals:2)
182 creatures vanquished.

Grand Total: 1841 creatures vanquished

Notes
Turn   | Place    | Note
-------+----------+-------------------------------------------
     0 | D:1      | HAL9000 the Draconian Transmuter began the quest for the Orb.
     0 | D:1      | Reached XP level 1. HP: 16/16 MP: 3/3
   425 | D:1      | Reached XP level 2. HP: 23/23 MP: 3/5
  1252 | D:2      | Noticed Jessica
  1281 | D:2      | Reached XP level 3. HP: 13/28 MP: 4/6
  1285 | D:2      | Killed Jessica
  1285 | D:2      | Reached skill level 4 in Unarmed Combat
  1290 | D:2      | Learned a level 2 spell: Sticks to Snakes
  1294 | D:2      | Learned a level 3 spell: Spider Form
  1658 | D:2      | Reached XP level 4. HP: 29/35 MP: 1/7
  2799 | D:3      | Found a glowing drain.
  2831 | D:3      | Reached XP level 5. HP: 40/40 MP: 5/8
  2927 | Sewer    | Entered a sewer
  3053 | Sewer    | Reached skill level 5 in Unarmed Combat
  3233 | Sewer    | Reached XP level 6. HP: 41/47 MP: 5/9
  3362 | Sewer    | Reached skill level 5 in Transmutations
  4446 | D:4      | Reached skill level 6 in Unarmed Combat
  4446 | D:4      | Your scales start taking on a weird mottled colour.
  4446 | D:4      | Reached XP level 7. HP: 46/52 MP: 0/10
  4551 | D:4      | Found a staircase to the Ecumenical Temple.
  5301 | D:5      | Entered Level 5 of the Dungeon
  5617 | D:5      | Found a sparkling altar of Nemelex Xobeh.
  5706 | D:5      | Found an iron altar of Okawaru.
  5706 | D:5      | Found a bloodstained altar of Trog.
  5724 | D:5      | Noticed Tungsten's ghost (novice DEFE)
  5744 | D:5      | Killed Tungsten's ghost
  5744 | D:5      | Reached skill level 7 in Unarmed Combat
  5744 | D:5      | Reached XP level 8. HP: 26/59 MP: 1/11
  6299 | D:6      | Found a deep blue altar of Sif Muna.
  6325 | D:6      | Reached skill level 8 in Unarmed Combat
  6514 | D:6      | Learned a level 5 spell: Blade Hands
  6984 | D:7      | Reached XP level 9. HP: 51/67 MP: 12/12
  7113 | D:7      | Reached skill level 9 in Unarmed Combat
  7328 | D:7      | Found a basalt altar of Yredelemnul.
  7549 | D:7      | Found Zecon's Food Shop.
  8353 | D:8      | Noticed a troll
  8887 | D:8      | Reached skill level 10 in Unarmed Combat
  8889 | D:8      | Killed a troll
  8956 | D:8      | Noticed a queen bee
  8962 | D:8      | Reached XP level 10. HP: 72/79 MP: 7/13
  9578 | D:8      | Noticed an angel
  9579 | D:8      | Found a glowing silver altar of Zin.
  9643 | D:9      | Noticed Psyche
  9651 | D:9      | Cast into level 1 of the Abyss (Psyche)
  9656 | D:9      | Escaped the Abyss
  9659 | D:9      | Killed Psyche
  9659 | D:9      | Reached skill level 5 in Fighting
  9659 | D:9      | Reached skill level 10 in Transmutations
  9759 | D:9      | Found a staircase to the Lair.
 10162 | D:9      | Reached skill level 11 in Unarmed Combat
 10320 | D:10     | Entered Level 10 of the Dungeon
 10320 | D:10     | Noticed a hill giant
 10329 | D:10     | Killed a hill giant
 10616 | D:10     | Noticed a hill giant
 10620 | D:10     | Reached skill level 5 in Dodging
 10868 | Lair:1   | Entered Level 1 of the Lair of Beasts
 11044 | Temple   | Entered the Ecumenical Temple
 11133 | Temple   | Became a worshipper of Cheibriados the Contemplative
 11320 | Lair:1   | Noticed a spiny frog
 11325 | Lair:1   | Killed a spiny frog
 11325 | Lair:1   | Reached XP level 11. HP: 89/89 MP: 8/14
 11366 | Lair:1   | Noticed Gastronok
 11408 | Lair:1   | Reached * piety under Cheibriados
 11489 | Lair:1   | Killed Gastronok
 11772 | Lair:1   | Identified a -2 rod of inaccuracy (9/9) (You found it on level 1 of the Lair of Beasts)
 12560 | Lair:2   | Reached ** piety under Cheibriados
 12651 | Lair:2   | Found a hole to the Spider Nest.
 12662 | Lair:2   | Noticed a five-headed hydra
 12741 | Lair:2   | Reached skill level 12 in Unarmed Combat
 12798 | Lair:2   | Reached skill level 1 in Invocations
 13038 | Lair:2   | Killed a five-headed hydra
 13130 | Lair:2   | Reached *** piety under Cheibriados
 13725 | Lair:3   | Reached XP level 12. HP: 92/100 MP: 9/15
 13804 | Lair:3   | Noticed a queen ant
 13818 | Lair:3   | Killed a queen ant
 13820 | Lair:3   | Reached **** piety under Cheibriados
 13836 | Lair:3   | Reached skill level 5 in Invocations
 14088 | Lair:3   | Reached skill level 13 in Unarmed Combat
 14100 | Lair:3   | Reached ***** piety under Cheibriados
 14761 | Lair:4   | Noticed a seven-headed hydra
 14794 | Lair:4   | Killed a seven-headed hydra
 14917 | Lair:4   | Noticed an eight-headed hydra
 14924 | Lair:4   | Killed an eight-headed hydra
 15084 | Lair:4   | Noticed a seven-headed hydra
 15217 | Lair:4   | Reached ****** piety under Cheibriados
 15286 | Lair:4   | Reached XP level 13. HP: 108/108 MP: 18/18
 15371 | Lair:4   | Found a staircase to the Shoals.
 15908 | Lair:4   | Reached skill level 14 in Unarmed Combat
 16313 | Lair:5   | Noticed Kirke
 16318 | Lair:5   | Noticed Nessos
 16322 | Lair:5   | Killed Nessos
 16422 | Lair:5   | Killed Kirke
 17229 | Lair:6   | Entered Level 6 of the Lair of Beasts
 17241 | Lair:6   | Reached skill level 10 in Invocations
 17526 | Lair:6   | Reached XP level 14. HP: 52/119 MP: 14/21
 17699 | Lair:6   | Found a staircase to the Slime Pits.
 17919 | Lair:6   | Reached skill level 10 in Fighting
 18074 | Lair:6   | Reached skill level 15 in Unarmed Combat
 18254 | Lair:6   | Found a burning altar of Makhleb.
 18278 | Lair:6   | Reached skill level 1 in Evocations
 18633 | Lair:6   | Found a gateway to Hell.
 19409 | D:10     | Noticed a frost giant
 19412 | D:10     | Found a radiant altar of Vehumet.
 19422 | D:10     | Killed a frost giant
 19426 | D:10     | Found a radiant altar of Vehumet.
 19732 | D:11     | Noticed Nergalle
 19906 | D:11     | Killed Nergalle
 20014 | D:11     | Noticed Erolcha
 20019 | D:11     | Killed Erolcha
 20125 | D:11     | Noticed crawlian's ghost (novice DEFE)
 20128 | D:11     | Killed crawlian's ghost
 21265 | D:12     | Found a staircase to the Orcish Mines.
 21276 | Orc:1    | Entered Level 1 of the Orcish Mines
 21357 | Orc:1    | Noticed Urug
 21367 | Orc:1    | Killed Urug
 21481 | Orc:1    | Noticed an orc warlord
 21493 | Orc:1    | Killed an orc warlord
 21493 | Orc:1    | Reached XP level 15. HP: 63/128 MP: 18/24
 21703 | Orc:1    | Reached skill level 16 in Unarmed Combat
 22001 | Orc:2    | Entered Level 2 of the Orcish Mines
 22541 | Orc:2    | Found a staircase to the Elven Halls.
 22739 | Orc:2    | Reached skill level 10 in Dodging
 22755 | Orc:2    | Found a roughly hewn altar of Beogh.
 22841 | Orc:2    | Found Ymomoaq's Assorted Antiques.
 22851 | Orc:2    | Bought a scroll of teleportation for 72 gold pieces
 22971 | Orc:2    | Found Zazetebb's Distillery.
 22976 | Orc:2    | Reached skill level 5 in Evocations
 23156 | Orc:2    | Noticed Saint Roka
 23162 | Orc:2    | Found a roughly hewn altar of Beogh.
 23438 | Orc:2    | Killed Saint Roka
 23461 | Orc:2    | Found Fyovin's Magic Scroll Boutique.
 23481 | Orc:2    | Bought a scroll of teleportation for 39 gold pieces
 23481 | Orc:2    | Bought a scroll of fear for 45 gold pieces
 23502 | Orc:2    | Found Soes's Armour Shop.
 24381 | D:13     | Found Feitu's Gadget Emporium.
 24445 | D:13     | Bought a phial of floods for 560 gold pieces
 24608 | D:13     | Reached skill level 1 in Stealth
 24615 | D:13     | Found Deumn's Distillery.
 24769 | D:13     | Upgraded the game from 0.19-a0-1002-g674d22e to 0.19-a0-1007-g133f65f
 24983 | D:13     | Found Tyiwn's Food Boutique.
 25004 | D:13     | Found Wanithoh's Gadget Boutique.
 25273 | D:13     | Found a gate to the Vaults.
 25884 | D:14     | Found Fiuguav's Weapon Boutique.
 26267 | D:14     | Reached XP level 16. HP: 139/139 MP: 25/25
 26318 | D:14     | Reached skill level 17 in Unarmed Combat
 27130 | D:15     | Entered Level 15 of the Dungeon
 27240 | D:15     | Found a staircase to the Depths.
 27497 | D:15     | Found a frozen archway.
 27527 | IceCv    | Entered an ice cave
 27885 | IceCv    | Got a warped demon whip
 27972 | D:15     | Identified the cursed +2 demon whip "Cuakkost" {flame, rPois} (You found it in an ice cave)
 28984 | Shoals:1 | Entered Level 1 of the Shoals
 29100 | Spider:1 | Entered Level 1 of the Spider Nest
 29224 | Spider:1 | Identified a scroll of acquirement
 29238 | Spider:1 | Noticed Louise
 29248 | Spider:1 | Killed Louise
 29248 | Spider:1 | Reached skill level 1 in Throwing
 30673 | Spider:2 | Reached skill level 10 in Evocations
 30953 | Spider:3 | Reached skill level 5 in Throwing
 31032 | Spider:3 | Learned a level 8 spell: Necromutation
 31201 | Spider:3 | Reached skill level 1 in Necromancy
 31204 | Spider:3 | Reached XP level 17. HP: 121/148 MP: 26/26
 31309 | Spider:3 | Noticed Arachne
 31323 | Spider:3 | Killed Arachne
 31983 | Spider:4 | Entered Level 4 of the Spider Nest
 33995 | Spider:4 | Reached skill level 5 in Spellcasting
 34325 | Spider:4 | Got a gossamer rune of Zot
 35168 | Shoals:1 | You fall through a shaft!
 35457 | Vaults:1 | Entered Level 1 of the Vaults
 35482 | Vaults:1 | Reached skill level 5 in Necromancy
 35796 | Vaults:1 | Reached XP level 18. HP: 52/156 MP: 16/27
 35810 | Vaults:1 | HP: 6/156 [centaur/arrow[a centaur warrior] (3)]
 36490 | Vaults:1 | Paralysed by an ogre mage for 4 turns
 37511 | Vaults:1 | Reached skill level 15 in Transmutations
 37930 | Vaults:2 | Found Qijaung's Weapon Emporium.
 38191 | Vaults:2 | Reached skill level 1 in Shields
 39744 | Shoals:3 | Cast into level 2 of the Abyss (merfolk javelineer)
 39903 | Abyss:2  | Reached XP level 19. HP: 118/129 MP: 26/31
 39923 | Abyss:2  | Killed from afar by a raiju

Vault maps used:
D:1:      minmay_arrival_loop
D:2:      uniq_jessica
D:3:      portal_sewer_entry_a
D:4:      serial_park_tiny_pond, hangedman_decor_growths
D:5:      nemelex_xobeh_ov_fountains_minmay, grunt_temple_overflow_bloody_war,
          first_bread
D:6:      old_standard_altar, st_stairs_5
D:7:      yredelemnul_forgotten_temple_becter, serial_shops, shop
D:8:      zin_angel, david_nohive_1
D:9:      lair_0_dummy, uniq_psyche
D:10:     minivault_5, jmf_multi_god_temple
D:11:     hex_medium, uniq_nergalle, uniq_erolcha
D:12:     hiddenorc1_lemuel, serial_park_tiny_2, minmay_misc_feat_square
D:13:     hangedman_vaults_entry_quadrant_bands, serial_shops, shop,
          kennysheep_little_box, shop_coins, nicolae_shop_behind_doors
D:14:     serial_shops, shop, grunt_decor_fettered
D:15:     hangedman_depths_entry_civil_slaughter, portal_ice_cave_demonic_guard,
          nrook_pool_corridor
Temple:   eino_temple_scatter_basement
Lair:1:   st_stairs_4, grunt_megastairs_3, uniq_gastronok
Lair:2:   spider_nest_entry_web_field, beast_lair_carwin_1,
          serial_bayou_shore_a, lemuel_fruit_tree
Lair:3:   minivault_29
Lair:4:   minmay_shoals_entry_centaurs
Lair:5:   infiniplex_staircase_pool, grunt_megastairs_4, uniq_kirke, uniq_nessos
Lair:6:   evil_forest, minmay_slime_entry_jelly_boxes, guppyfry_lair_drakes,
          grunt_megastairs_2, lemuel_fruit_fields
Shoals:3: argonaut_golden_fleece, nicolae_shoals_mertower
Spider:1: hangedman_spider_tarantella_strand, uniq_louise
Spider:2: nicolae_crawler_farm
Spider:3: special_room, nicolae_spider_webbed_stairs, uniq_arachne
Spider:4: spider_rune_water
Orc:1:    elf_legates, uniq_urug
Orc:2:    pubby_orc_utopia
Vaults:1: hangedman_vaults_stream, v_misc_13, st_diamondy, vaults_dpeg_ring,
          hangedman_vaults_river_flow, hangedman_vaults_nails,
          hangedman_vaults_impose, nicolae_vaults_circle_grid_b, v_misc_32,
          hangedman_vaults_impose, vaults_standard_mumra_enter_the_diamond,
          hangedman_vaults_restitches, nicolae_vaults_angled_halls
Vaults:2: v_alt_pattern_1, vaults_room_hallway, blue_anna_dwarven_crypt,
          vaults_room_fours, nicolae_vaults_little_squares_6,
          nicolae_vaults_stairing_the_circle, serial_ice_g,
          nicolae_vaults_mini_display_case, serial_shops, shop, uniq_mara,
          uniq_xtahua
Sewer:    sewer_minmay_treatment
IceCv:    ice_cave_small_demon

Skill      XL: |  1  2  3  4  5  6  7  8  9 10 11 12 13 14 15 16 17 18 |
---------------+-------------------------------------------------------+-----
Unarmed Combat | 4 5 6 7 8 10 11 12 13 14 15 16 17 | 17.5
Transmutations | 3 4 5 7 8 9 10 11 13 15 | 15.0
Dodging        | 2 3 5 6 7 8 9 10 11 | 11.2
Fighting       | 2 4 5 7 8 9 10 12 | 12.8
Invocations    | 4 7 10 12 | 12.0
Evocations     | 3 6 10 | 10.9
Stealth        | 2 3 |  3.0
Throwing       | 5 6 |  6.0
Necromancy     | 1 5 9 |  9.3
Spellcasting   | 6 8 |  8.9
Shields        | 3 |  3.3

Action                   |  1- 3 |  4- 6 |  7- 9 | 10-12 | 13-15 | 16-18 | 19-21 || total
-------------------------+-------+-------+-------+-------+-------+-------+-------++-------
Melee: Unarmed           |   107 |   323 |   330 |   638 |  1007 |  1220 |    12 ||  3637
       Tailslap          |     7 |    35 |    44 |    93 |   213 |   270 |       ||   662
       Kick              |     8 |    24 |    11 |     4 |       |       |       ||    47
       Punch             |     2 |     6 |    11 |    34 |    96 |   150 |     4 ||   303
       Headbutt          |     2 |    19 |     2 |     2 |       |       |       ||    25
Throw: Javelin           |       |       |       |       |     1 |    52 |       ||    53
 Cast: Beastly Appendage |    20 |    41 |    15 |     5 |       |       |       ||    81
       Sticks to Snakes  |     2 |    22 |    24 |    25 |    89 |    89 |       ||   251
       Spider Form       |       |     1 |    15 |     3 |    10 |     1 |       ||    30
       Blade Hands       |       |       |     9 |    48 |    74 |    99 |     1 ||   231
Invok: Slouch            |       |       |       |       |     2 |     8 |       ||    10
       Temporal Distorti |       |       |       |       |     5 |       |       ||     5
       Step From Time    |       |       |       |       |     1 |       |       ||     1
 Abil: Breathe Sticky Fl |       |       |     2 |     4 |     4 |       |       ||    10
       End Transformatio |       |       |     1 |     2 |     6 |     4 |       ||    13
       Evoke Flight      |       |       |       |       |     1 |    13 |       ||    14
Evoke: Wand              |       |       |       |     1 |     1 |       |       ||     2
       Rod               |       |       |       |     1 |       |       |       ||     1
       Phial of floods   |       |       |       |       |       |     1 |       ||     1
  Use: Potion            |       |     3 |     2 |     1 |     2 |     8 |       ||    16
       Scroll            |       |     4 |    16 |     9 |    13 |    14 |       ||    56
 Stab: Sleeping          |       |     2 |     2 |     6 |    14 |     4 |       ||    28
       Distracted        |       |     1 |     3 |     4 |    12 |    13 |       ||    33
  Eat: Chunk             |     3 |    10 |    17 |    27 |    47 |    30 |       ||   134
       Beef jerky        |       |     1 |     1 |     2 |       |       |       ||     4
       Bread ration      |       |       |     1 |       |       |       |       ||     1
       Royal jelly       |       |       |       |     2 |       |     5 |       ||     7
       Fruit             |       |       |       |     2 |     9 |    14 |       ||    25
       Pizza             |       |       |       |       |     2 |       |       ||     2
Armor: Skin              |    39 |   117 |    99 |   144 |   212 |   338 |     6 ||   955
Dodge: Dodged            |    74 |   222 |   227 |   483 |  1260 |  1698 |    34 ||  3998
